 Dungeon Crawl Stone Soup version 0.25.0-10-g039870ee82 (webtiles) character file.

Game seed: 8557558089777740268

98 shadizar the Sneak (level 4, 0/30 HPs)
             Began as an Octopode Assassin on June 22, 2020.
             Killed from afar by an orc (12 damage)
             ... with a bolt of acid
             ... on level 3 of the Dungeon.
             The game lasted 00:02:39 (2133 turns).

shadizar the Sneak (Octopode Assassin)              Turns: 2133, Time: 00:02:40

Health: 0/30       AC:  1    Str: 11    XL:     4   Next: 69%
Magic:  4/4        EV: 17    Int: 13    God:
Gold:   98         SH:  4    Dex: 13    Spells: 3/3 levels left

rFire    . . .     SeeInvis .   a - +2 dagger
rCold    . . .     Gourm    .   l - +0 buckler
rNeg     . . .     Faith    .   (helmet restricted)
rPois    .         Spirit   .   (no amulet)
rElec    .         Reflect  .   e - +4 ring of evasion
rCorr    .         Harm     .   (no ring)
MR       .....                  (no ring)
Stlth    ++++......             (no ring)
HPRegen  0.10/turn              (no ring)
MPRegen  0.09/turn              (no ring)
                                (no ring)
                                (no ring)

@: no status effects
A: almost no armour, stealthy swim, amphibious, 8 rings, constrict 8, camouflage
1, gelatinous body 1
a: no special abilities


You were on level 3 of the Dungeon.
You were not hungry.

You visited 1 branch of the dungeon, and saw 3 of its levels.

You collected 98 gold pieces.

Inventory:

Hand Weapons
 a - a +2 dagger (weapon)
 m - a cursed -3 spear
Missiles
 b - 8 poisoned darts (quivered)
 c - 2 curare-tipped darts
Armour
 l - a +0 buckler (worn)
Jewellery
 e - a +4 ring of evasion (left tentacle)
 g - an uncursed amulet of the acrobat {unknown}
Scrolls
 f - 3 scrolls of identify {unknown}
 h - a scroll of remove curse {unknown}
 i - a scroll of enchant weapon {unknown}
 o - 2 scrolls of magic mapping {unknown}
Potions
 j - 3 potions of curing {unknown}
 k - a potion of might {unknown}
 n - a potion of stabbing {unknown}
 p - a potion of flight {unknown}
 r - a potion of haste {unknown}
Comestibles
 d - 5 rations
 q - 8 chunks of flesh


   Skills:
 + Level 2.7 Fighting
 + Level 2.8 Short Blades
 - Level 2.0 Throwing
 + Level 2.2 Dodging
 - Level 6.0 Stealth
 + Level 1.1 Shields


You had 3 spell levels left.
You didn't know any spells.
Your spell library was empty.

Dungeon Overview and Level Annotations

Branches:
Dungeon (3/15)

Altars:


Innate Abilities, Weirdness & Mutations

You cannot wear most types of armour.
You are very stealthy in the water. (Stealth+)
You are amphibious.
You can wear up to eight rings at the same time.
You can use your tentacles to constrict eight enemies at once.
Your skin changes colour to match your surroundings (Stealth+).
Your rubbery body absorbs attacks. (AC +1, EV +1)


Message History

The helpless leopard gecko fails to defend itself.
You impale the leopard gecko!!
You kill the leopard gecko!
The orc hits you with a +0 trident!
The orc shouts!
You hit the orc. Your grab misses the orc.
The orc is lightly wounded.
You hear a shout! x3
You hit the orc.
You kill the orc!
A rat, a kobold, an orc priest and an orc wizard come into view.
The orc wizard shouts!
The orc priest invokes the aid of Beogh against you.
Pain shoots through your body!
An orc comes into view. It is wielding a +0 flail.
There is a stone staircase leading up here.
Things that are here:
a +0 trident; a +0 leather armour; an orc corpse The orc zaps a wand.
The bolt of acid hits you!
You die...

#.#.###.# ...
#.#..##.. ...
..♣♣.♣♣.. o.
♣♣♣♣.♣♣♣♣ or
♣♣PP.PP♣♣ ### #K #
♣PP...PP♣ ...#o
..♣♣P.....P♣
♣P.♣..#####
......⌠....
♣.o.@...###♣♣P.....P♣
♣P..###†...♣♣PP...PP♣
♣.... ####..♣♣PP.PP♣♣
....### ##.♣♣♣♣.♣♣♣
### #.).♣♣.♣ ###....#
######


You could see an orc priest, an orc wizard, 2 orcs, a kobold and a rat.

Vanquished Creatures
  2 adders (D:2)
  2 oozes
  2 worms (D:3)
  3 dart slugs
  3 leopard geckos
  2 orcs (D:3)
  8 bats
  4 giant cockroaches
  9 goblins
  5 hobgoblins
  5 jackals
  A frilled lizard (D:1)
  3 kobolds
  4 rats
53 creatures vanquished.

Vanquished Creatures (others)
  A bush (D:3)
  3 plants (D:3)
4 creatures vanquished.

Grand Total: 57 creatures vanquished

Notes
Turn   | Place    | Note
-------+----------+-------------------------------------------
     0 | D:1      | shadizar the Octopode Assassin began the quest for the Orb.
     0 | D:1      | Reached XP level 1. HP: 14/14 MP: 1/1
   102 | D:1      | Reached XP level 2. HP: 12/19 MP: 2/2
   674 | D:1      | Reached XP level 3. HP: 25/25 MP: 3/3
  1134 | D:2      | Reached XP level 4. HP: 30/30 MP: 4/4
  1792 | D:3      | Reached skill level 1 in Shields
  1923 | D:3      | Reached skill level 6 in Stealth
  2133 | D:3      | Killed from afar by an orc

Illustrated notes

Levels and vault maps discovered:
D:1:      dpeg_arrival_solitude, layout_loops_ring, minmay_heptomino_h4
D:2:      layout_loops_ring, minmay_misc_feat_alley
D:3:      layout_loops_ring, grunt_dithmenos_smoke_and_mirrors, first_ration,
          serial_forest, infiniplex_forest_end_3, infiniplex_forest_clump_small,
          infiniplex_forest_lined_3_way, infiniplex_forest_fountain,
          infiniplex_forest_lined_3_way, infiniplex_forest_corner_1,
          infiniplex_forest_zigzag_1, infiniplex_forest_clump_curved,
          infiniplex_forest_end_1, infiniplex_forest_clump_small,
          kennysheep_generic_room_13

Skill      XL: |  1  2  3  4 |
---------------+-------------+-----
Dodging        | 2 |  2.2
Shields        | 1 |  1.1
Stealth        | 6 |  6.0
Fighting       | |  2.7
Short Blades   | |  2.8
Throwing       | |  2.0

Action                   |  1- 3 |  4- 6 || total
-------------------------+-------+-------++-------
Melee: Dagger            |    50 |    53 ||   103
       Constrict         |    13 |    14 ||    27
       Tentacles         |     6 |    11 ||    17
 Stab: Sleeping          |    14 |     7 ||    21
  Eat: Chunk             |     1 |     3 ||     4
Armor: Skin              |     2 |     2 ||     4
Dodge: Dodged            |    26 |    24 ||    50
Block: Buckler           |       |     8 ||     8
